 Dungeon Crawl Stone Soup version 0.31-a0-1603-gbec6b6ccbf (webtiles) character file.

Game seed: 12354674528713555997

542 Laraso the Ruffian (level 7, 50/52 HPs) *EXPLORE*
             Began as a Grey Draconian Shapeshifter on Jan 8, 2024.
             Was an Initiate of Trog.
             Quit the game on level 4 of the Dungeon.
             The game lasted 00:03:17 (2785 turns).

Laraso the Ruffian (Grey Draconian Shapeshifter)    Turns: 2785, Time: 00:03:18

Health: 50/52      AC: 11    Str: 16    XL:     7   Next: 6%
Magic:  7/7        EV: 12    Int:  8    God:    Trog [......]
Gold:   111        SH:  0    Dex: 19    Spells: 6/6 levels left

rFire   . .          .
                       - Unarmed
rCold   . . .        (no shield)
rNeg    . . .        (body armour unavailable)
rPois   .            (helmet currently unavailable)
rElec   .            (cloak currently unavailable)
rCorr   .            (gloves currently unavailable)
SInv    .            m - melded +2 pair of boots {Stlth+}
Will    .....        (no amulet)
Stlth   ++           f - +6 ring of dexterity
HPRegen 0.28/turn    (no ring)
MPRegen 0.10/turn

%: no passive effects
@: beast-form
A: beast (slay +2), AC +11, amphibious, unfitting armour, cold-blooded, dopey 1
a: Begin Untransformation, Renounce Religion


You were on level 4 of the Dungeon.
You worshipped Trog.
Trog was noncommittal.
You were a hulking beast.
You visited 1 branch of the dungeon, and saw 4 of its levels.

You collected 111 gold pieces.

Inventory:

Armour
 m - a +2 pair of boots of stealth (melded)
Jewellery
 d - a ring of fire
 f - a +6 ring of dexterity (left hand)
 h - a ring of ice
 n - a ring of protection from fire
Talismans
 b - a beast talisman (active)
 c - a flux talisman
 i - a storm talisman
Scrolls
 g - 2 scrolls of fear
 l - a scroll of brand weapon {unknown}
Potions
 a - a potion of lignification
 e - a potion of haste {unknown}
 j - a potion of curing {unknown}
 k - 2 potions of heal wounds {unknown}


   Skills:
 - Level 1.1 Fighting
 - Level 1.7 Dodging
 * Level 6.8 Unarmed Combat
 + Level 5.0 Shapeshifting


You had 6 spell levels left.
You didn't know any spells.
Your spell library contained the following spells:

 Spells                   Type           Power      Damage    Failure   Level
 Magic Dart               Conj           0%         1d3       41%         1
 Searing Ray              Conj           0%         2d4       54%         2
 Fulminant Prism          Conj/Alch      0%         3d5       99%         4


Dungeon Overview and Level Annotations

Branches:
Dungeon (4/15)
 Temple: D:4-7

Altars:
Elyvilon
Gozag
Trog
The Shining One

Annotations:
D:3 3 runed translucent doors, Azoth's ghost, amateur DsSh; gummybears's ghost, novice GnFi; jasper's ghost, amateur SpSh
D:4 Blork the orc


Innate Abilities, Weirdness & Mutations

You are a hulking beast.
Your limbs bulge with bestial killing power. (Slay +2)
Your dull iron-grey scales are very hard. (AC +11)
You are amphibious.
You cannot fit into any form of body armour.
You are cold-blooded and may be slowed by cold attacks.
You are dopey. (Int -2)


Message History

You hit the hound.
The hound is almost dead.
The hound closely misses you.
You closely miss the hound.
The hound is almost dead.
The hound bites you.
You punch the hound!
You kill the hound!
Trog accepts your kill.
Your Shapeshifting skill increases to level 5!
You have reached level 7!
Your scales start taking on a dull iron-grey colour.
You learn Air Magic much slower.
You learn Earth Magic much quicker.
You punch the orc!
You kill the orc!
Trog accepts your kill.
You punch the giant cockroach!
You kill the giant cockroach!
Trog accepts your kill. The ball python barely misses you.
The ball python grabs you. The ball python constricts you.
Items here: ( ) ††.
You punch the ball python!
You kill the ball python!
Trog accepts your kill.
You closely miss the hobgoblin. The hobgoblin closely misses you.
You hit the hobgoblin. You tail-slap the hobgoblin.
You kill the hobgoblin!
Trog accepts your kill.
No target in view!
No target in view!
WARNING: ABOUT TO ENTER EXPLORE MODE!
In explore mode, death is optional.
Once you set a character to explore mode, you can't switch back.
If you continue, your game will not be scored!
Do you really want to enter explore mode? (Confirm with "yes".) Unknown command.
Unknown command.
There's something in the way.
Are you sure you want to abandon this character and quit the game? (Confirm with "yes".)

......................##.
.........................
..................#......
.................####....
.....................##..
...............#.....##.#
.....................#..#
#.#.##.#†###.............
# #. #.#h# #.....##......
. #.#.# #.....##.##...
#.#.# ##....##.##...
#..##.....#..##...
#.........'.###...
##........### ####
#..8.....# .........#
.....###


There were no monsters in sight!

Vanquished Creatures
  2 phantoms (D:4)
  A water moccasin zombie (D:4)
  2 water moccasin skeletons (D:4)
  A bombardier beetle (D:4)
  A hound (D:4)
  A jelly (D:4)
  A hound zombie (D:4)
  2 hound skeletons (D:4)
  2 adders (D:3)
  2 adder zombies (D:4)
  3 dart slugs
  2 ribbon worms (D:2)
  3 orcs
  4 ball pythons
  5 endoplasms
  5 giant cockroaches
  8 goblins
  8 hobgoblins
  4 jackals (D:3)
  10 kobolds
  3 quokkas
  7 bats
  A frilled lizard (D:2)
  A jackal zombie (D:4)
  4 rats
83 creatures vanquished.

Notes
Turn   | Place    | Note
-------+----------+-------------------------------------------
     0 | D:1      | Laraso the Draconian Shapeshifter began the quest for the
                  | Orb.
     0 | D:1      | Reached XP level 1. HP: 16/16 MP: 1/1
   115 | D:1      | Reached XP level 2. HP: 12/23 MP: 2/2
   734 | D:2      | Gained mutation: You are weak. (Str -2) [potion of
                  | mutation]
   735 | D:2      | Lost mutation: You are weak. (Str -2) [potion of mutation]
   735 | D:2      | Gained mutation: Your health recovers twice as slowly from
                  | being drained. [potion of mutation]
   735 | D:2      | Lost mutation: Your health recovers twice as slowly from
                  | being drained. [potion of mutation]
   735 | D:2      | Gained mutation: You are dopey. (Int -2) [potion of
                  | mutation]
   781 | D:2      | Reached XP level 3. HP: 22/28 MP: 3/3
   857 | D:2      | Reached skill level 4 in Unarmed Combat
  1301 | D:3      | Found a runed translucent gate.
  1302 | D:3      | Found a runed translucent gate.
  1305 | D:3      | Reached XP level 4. HP: 35/35 MP: 4/4
  1499 | D:3      | Found a runed translucent gate.
  1499 | D:3      | Noticed Azoth's ghost (amateur DsSh)
  1500 | D:3      | Noticed gummybears's ghost (novice GnFi)
  1500 | D:3      | Noticed jasper's ghost (amateur SpSh)
  1543 | D:3      | Found a white marble altar of Elyvilon.
  1543 | D:3      | Found an opulent altar of Gozag.
  1596 | D:3      | Found a glowing golden altar of the Shining One.
  1683 | D:3      | Found a bloodstained altar of Trog.
  1731 | D:3      | Became a worshipper of Trog the Wrathful
  2182 | D:4      | Noticed Blork the orc
  2202 | D:4      | Reached skill level 5 in Unarmed Combat
  2202 | D:4      | Reached XP level 5. HP: 20/40 MP: 5/5
  2362 | D:4      | Noticed a phantom
  2376 | D:4      | Killed a phantom
  2377 | D:4      | Reached XP level 6. HP: 23/47 MP: 6/6
  2381 | D:4      | Reached skill level 6 in Unarmed Combat
  2779 | D:4      | Reached skill level 5 in Shapeshifting
  2779 | D:4      | Your scales start taking on a dull iron-grey colour.
  2779 | D:4      | Reached XP level 7. HP: 49/52 MP: 7/7
  2785 | D:4      | Entered explore mode.
  2785 | D:4      | Quit the game

Illustrated notes

Levels and vault maps discovered:
D:1:      psy_arrival_wood_between_worlds, layout_basic,
          chequers_serial_rivers_room_a
D:2:      layout_rooms
D:3:      layout_basic, mainiacjoe_overflow_small_starburst,
          nicolae_tso_swordbearing_angel, gammafunk_temple_overflow_wave,
          gammafunk_ghost_cemetery
D:4:      layout_basic, serial_undead, serial_undead_d, serial_undead_c,
          serial_undead_d, serial_undead_b, serial_undead_b, serial_undead_c,
          uniq_blork_the_orc, uniq_sigmund

Skill      XL: |  1  2  3  4  5  6 |
---------------+-------------------+-----
Unarmed Combat | 4 5 6 |  6.8
Shapeshifting  | 4 5 |  5.0
Fighting       | |  1.1
Dodging        | |  1.7

Action                     |  1- 3 |  4- 6 |  7- 9 || total
---------------------------+-------+-------+-------++-------
  Melee: Unarmed           |   128 |   116 |     5 ||   249
         Tailslap          |    17 |    17 |     1 ||    35
         Punch             |     1 |     3 |       ||     4
Ability: Begin Untransform |       |     1 |       ||     1
    Use: Scroll            |     5 |       |       ||     5
         Potion            |     2 |       |       ||     2
   Stab: Sleeping          |     1 |     1 |       ||     2
 Armour: Skin              |    72 |    88 |       ||   160
  Dodge: Dodged            |    83 |    83 |     2 ||   168
   Form: Beast             |       |     1 |       ||     1

Table legend: (Time is in decaauts)
 A = Elapsed time spent in this place.
 B = Non-inter-level travel time spent in this place.
 C = Inter-level travel time spent in this place.
 D = Time resting spent in this place.
 E = Time spent auto-exploring this place.
 F = Levels seen in this place.
 G = Mean time per level.
                   A        B        C        D        E       F      G
               +--------+--------+--------+--------+--------+-----+--------+
         Total |   2765 |   2703 |     62 |    164 |   1888 |   4 |  691.2 |
       Dungeon |   2765 |   2703 |     62 |    164 |   1888 |   4 |  691.2 |
               +--------+--------+--------+--------+--------+-----+--------+

Top non-repeatable levels by time:
     D:4: 805 daAuts
     D:3: 758 daAuts
     D:1: 729 daAuts
     D:2: 472 daAuts
